 Dungeon Crawl Stone Soup version 0.15-a0-1579-gd26fec2 (webtiles) character file.

124 Quh the Slasher (level 4, -6/29 HPs)
             Began as a High Elf Skald on June 19, 2014.
             Mangled by a worker ant (7 damage)
             ... on Level 3 of the Dungeon.
             The game lasted 00:18:05 (3966 turns).

Quh the Slasher (High Elf Skald)                    Turns: 3966, Time: 00:18:05

HP  -6/29        AC  5     Str 11      XL: 4   Next: 81%
MP   8/11        EV 10     Int 16      God:
Gold 132         SH  0     Dex 15      Spells:  4 memorised,  0 levels left

rFire  . . .     SeeInvis .     a - +0 falchion
rCold  . . .     Clarity  .     b - +0 leather armour
rNeg   . . .     rCorr    .     (no shield)
rPois  .         rRot     .     (no helmet)
rElec  .         Spirit   .     (no cloak)
SustAb .         Warding  .     (no gloves)
rMut   .         Stasis   .     k - +1 pair of boots {run}
Gourm  .                        (no amulet)
MR     .....                    (no ring)
                                (no ring)

@: lethally poisoned, regenerating (expiring), quick, not resistant to hostile
enchantments, very unstealthy
A: no striking features
a: no special abilities


You were on level 3 of the Dungeon.
You were hungry.

You visited 1 branch of the dungeon, and saw 4 of its levels.

You collected 132 gold pieces.

Inventory:

Hand weapons
 a - a +0 falchion (weapon)
 A - a +1 flail of protection
 C - a +0 cutlass
Missiles
 i - 4 needles of frenzy
 m - 53 stones
 o - 51 arrows
 y - 7 tomahawks (quivered)
Armour
 b - a +0 leather armour (worn)
 k - a +1 pair of boots of running (worn)
Magical devices
 n - a wand of magic darts (17) {unknown}
Comestibles
 d - 3 bread rations
 f - a beef jerky
 v - a meat ration
 B - a rotting chunk of worm flesh
Scrolls
 e - 5 scrolls of identify
 g - a scroll of recharging {unknown}
 h - 4 scrolls of remove curse {unknown}
 j - a scroll of random uselessness {unknown}
 l - a scroll of blinking {unknown}
 r - a scroll of enchant weapon {unknown}
 t - a scroll of teleportation {unknown}
Jewellery
 x - an uncursed amulet of guardian spirit
Potions
 p - a potion of paralysis
 q - a potion of poison
 s - a potion of lignification
 u - a potion of magic {unknown}
 z - a potion of brilliance {unknown}
Books
 c - a book of Battle

   Spells                             Type                      Level
   *Infusion                          Charms                       1
   *Shroud of Golubria                Charms/Translocation         2
   *Song of Slaying                   Charms                       2
   Spectral Weapon                    Hexes/Charms                 3
   *Regeneration                      Charms/Necromancy            3


   Skills:
 - Level 2.0 Fighting
 * Level 4.8 Long Blades
 - Level 0.8 Armour
 - Level 1.1 Dodging
 - Level 2.8 Spellcasting
 * Level 4.8 Charms


You couldn't memorise any spells.
You knew the following spells:

 Your Spells              Type           Power        Failure   Level  Hunger
a - Infusion              Chrm           ###...       2%          1    #......
b - Shroud of Golubria    Chrm/Tloc      ##........   12%         2    ##.....
c - Song of Slaying       Chrm           ###.....     4%          2    ##.....
d - Regeneration          Chrm/Necr      ##........   21%         3    ###....


Dungeon Overview and Level Annotations

Branches:
Dungeon (4/15)
 Temple: D:4-7

Altars:
Qazlal

Annotations:
D:3 Terence


Message History

* * * LOW HITPOINT WARNING * * *
The worker ant barely misses you.
You hit the worker ant.
The worker ant is heavily wounded.
The worker ant bites you.
* * * LOW HITPOINT WARNING * * *
You are more poisoned.
The worker ant poisons you!
Drink which item? (? for menu, Esc to quit)
Okay, then.
* * * LOW HITPOINT WARNING * * *
You feel sick.
* * * LOW HITPOINT WARNING * * *
You feel sick.
Casting: Regeneration
Confirm with . or Enter, or press ? or * to list all spells.
Your skin crawls.
Your skin is crawling a little less now.
You feel sick. The worker ant bites you!
You die...

#.##......##.# #
#.........##.######
#..................
#..........#.......
#..........#.......
#..........#.......
####.#.......##...<...
#..................%).
#....@.#########......
#....a## #.#.###
#.....# #.#.###
#.....# #......
#.....# #...#....
###.... #..........
#....# ..#........
#.)... . #........
#(...## #..(.....


You could see a worker ant.

Vanquished Creatures
  3 adders (D:2)
  3 worms
  5 giant geckos
  3 oozes
  2 orcs (D:3)
  2 ball pythons
  6 giant cockroaches
  10 hobgoblins
  A quokka (D:2)
  8 bats
  6 giant newts
  8 goblins
  8 kobolds
  9 rats
74 creatures vanquished.

Notes
Turn   | Place    | Note
--------------------------------------------------------------
     0 | D:1      | Quh, the High Elf Skald, began the quest for the Orb.
     0 | D:1      | Reached XP level 1. HP: 14/14 MP: 4/4
   347 | D:1      | Reached XP level 2. HP: 13/19 MP: 0/6
   646 | D:1      | Reached skill level 4 in Charms
   681 | D:1      | Learned a level 2 spell: Shroud of Golubria
   684 | D:1      | Learned a level 2 spell: Song of Slaying
  1293 | D:1      | Reached XP level 3. HP: 24/24 MP: 5/8
  1330 | D:1      | Identified a +1 pair of boots of running (You found it on level 1 of the Dungeon)
  2198 | D:2      | Reached XP level 4. HP: 27/29 MP: 11/11
  2835 | D:2      | Learned a level 3 spell: Regeneration
  2974 | D:3      | Noticed Terence
  3534 | D:3      | Found a stormy altar of Qazlal.
  3965 | D:3      | HP: 1/29 [poisoned by a worker ant]
  3966 | D:3      | Mangled by a worker ant

Action                   |  1- 3 |  4- 6 || total
-------------------------+-------+-------++-------
Melee: Falchion          |   120 |   149 ||   269
Throw: Stone             |    24 |     4 ||    28
       Tomahawk          |       |     7 ||     7
 Cast: Infusion          |     2 |     1 ||     3
       Shroud of Golubri |    10 |     6 ||    16
       Regeneration      |       |     2 ||     2
  Use: Scroll            |       |     3 ||     3
